 Dungeon Crawl Stone Soup version 0.31-a0-963-ga325b2283a (webtiles) character file.

Game seed: 8623220061577514756

195 lunkers the Ruffian (level 6, -4/47 HPs)
             Began as a Meteoran Shapeshifter on Oct 24, 2023.
             Killed from afar by an orc wizard (9 damage)
             ... with a puff of flame
             ... on level 4 of the Dungeon.
             The game lasted 00:01:50 (1044 turns).

lunkers the Ruffian (Meteoran Shapeshifter)         Turns: 1044, Time: 00:01:51

Health: -4/47      AC:  6    Str: 17    XL:     6   Next: 25%
Magic:  7/7        EV: 10    Int: 11    God:
Gold:   68         SH:  0    Dex: 15    Spells: 5/5 levels left

rFire   . .          .
                       - Unarmed
rCold   . . .        (no shield)
rNeg    . . .        g - +0 scale mail
rPois   .            (helmet currently unavailable)
rElec   .            (cloak currently unavailable)
rCorr   .            (gloves currently unavailable)
SInv    .            (boots currently unavailable)
Will    .....        (no amulet) Stlth
                     (no ring)
HPRegen 0.27/turn    (no ring)
MPRegen 0.10/turn

%: no passive effects
@: confused, beast-form, glowing
A: beast (slay +2), sense surroundings 1, otherworldly, glowing, explore regen
a: Begin Untransformation


You were on level 4 of the Dungeon.
You were a hulking beast.
You visited 1 branch of the dungeon, and saw 4 of its levels.

You collected 68 gold pieces.

Inventory:

Armour
 a - a +0 animal skin
 g - a +0 scale mail (worn)
Talismans
 c - a beast talisman
 d - a flux talisman
Wands
 o - a wand of flame (20)
Scrolls
 e - 2 scrolls of identify {unknown}
 i - 2 scrolls of teleportation {unknown}
 j - a scroll of amnesia {unknown}
 m - a scroll of acquirement {unknown}
Potions
 b - a potion of lignification
 f - 2 potions of attraction {unknown}
 h - 2 potions of magic {unknown}
 k - a potion of curing {unknown}
 l - a potion of berserk rage {unknown}
 n - 2 potions of heal wounds {unknown}
 p - a potion of degeneration {unknown}
 q - a potion of brilliance {unknown}


   Skills:
 - Level 1.1 Fighting
 - Level 2.1 Dodging
 * Level 6.4 Unarmed Combat
 + Level 5.0 Shapeshifting


You had 5 spell levels left.
You didn't know any spells.
Your spell library was empty.

Dungeon Overview and Level Annotations

Branches:
Dungeon (4/15) Zot: 1367
 Temple: D:4-7

Altars:


Innate Abilities, Weirdness & Mutations

You are a hulking beast.
Your limbs bulge with bestial killing power. (Slay +2)
You passively map a small area around you.
You are easily found by Zot.
You glow in the dark.
You regain HP and MP as you explore.


Message History

The orc hits you with a +0 short sword.
* * * LOW HITPOINT WARNING * * *
The orc wizard hits you with a +0 dagger.
* * * LOW HITPOINT WARNING * * *
You hit the orc priest.
The orc priest is almost dead.
The orc priest casts a cantrip, but nothing happens.
An orc comes into view. It is wielding a +0 trident.
The orc hits you with a +0 short sword.
* * * LOW HITPOINT WARNING * * *
The orc wizard hits you but does no damage.
The orc shouts!
You hit the orc priest but do no damage.
The orc priest is almost dead.
The orc priest hits you with a +0 flail.
* * * LOW HITPOINT WARNING * * *
The orc barely misses you.
The orc wizard mumbles some strange words.
The orc wizard flickers and vanishes!
Deactivating autopickup; reactivate with Ctrl-A.
You hit the orc priest.
You kill the orc priest!
The orc hits you from afar with a +0 trident.
* * * LOW HITPOINT WARNING * * *
The orc hits you but does no damage. Something hits you but does no damage.
Your Shapeshifting skill increases to level 5!
You closely miss something. The orc barely misses you.
The orc hits you with a +0 short sword.
* * * LOW HITPOINT WARNING * * *
Something hits you but does no damage.
You barely miss something. The orc closely misses you.
You hear some strange, mumbled words.
You are confused.
The orc barely misses you.
Unknown command.
You closely miss something.
You hear some strange, mumbled words.
A puff of flame appears from out of thin air!
The puff of flame hits you!
You die...

########...### *
,, ......##...#
,, , #.....#### *
, # ##......~.#,
+
#.##.....#.~...#
*
#........#.≈...#*
*
#.##......#≈#..#
#.......>.#≈####
#.###)h...#≈# * *
#....o{.#####
#####o### * .. *
* *,##. , , , #.
, .. , *## , * ,
*


You could see 2 orcs.

Vanquished Creatures
  A phantom (D:4)
  An orc priest (D:4)
  4 adders
  A white imp (D:3)
  A worm (D:2)
  A dart slug (D:1)
  3 bats
  5 endoplasms
  A giant cockroach (D:1)
  6 hobgoblins (D:3)
  5 kobolds
  A quokka (D:4)
  6 ball pythons
  3 frilled lizards (D:1)
  5 goblins
  6 rats
50 creatures vanquished.

Notes
Turn   | Place    | Note
-------+----------+-------------------------------------------
     0 | D:1      | lunkers the Meteoran Shapeshifter began the quest for the
                  | Orb.
     0 | D:1      | Reached XP level 1. HP: 16/16 MP: 2/2
    43 | D:1      | Reached XP level 2. HP: 23/23 MP: 3/3
    59 | D:1      | Reached skill level 4 in Unarmed Combat
   251 | D:2      | Reached XP level 3. HP: 25/28 MP: 4/4
   380 | D:2      | Reached XP level 4. HP: 35/35 MP: 5/5
   403 | D:2      | Reached skill level 5 in Unarmed Combat
   818 | D:3      | Reached XP level 5. HP: 40/40 MP: 6/6
  1000 | D:4      | Identified the "Beiserir"
  1019 | D:4      | Noticed a phantom
  1025 | D:4      | Killed a phantom
  1026 | D:4      | Reached skill level 6 in Unarmed Combat
  1026 | D:4      | Reached XP level 6. HP: 31/47 MP: 7/7
  1042 | D:4      | Reached skill level 5 in Shapeshifting
  1044 | D:4      | Killed from afar by an orc wizard

Illustrated notes

Levels and vault maps discovered:
D:1:      dpeg_arrival_rooms_a, layout_loops_ring,
          chequers_serial_rivers_micro_a, hangedman_decor_opposing,
          hangedman_abyss_or_decor_lesser_grid
D:2:      layout_basic, serial_shops, nicolae_shop_hallway_stairs, uniq_natasha
D:3:      layout_loops_corners, grunt_ministairs_6
D:4:      layout_loops_cross, nicolae_yredelemnul_corpse_copse, led_sif_book,
          kennysheep_mini, lemuel_tele_altar, minmay_temple_entry_butterflies,
          serial_shops, shop, chequers_serial_rivers_micro_b,
          uniq_crazy_yiuf_cottage, uniq_edmund, uniq_ijyb

Skill      XL: |  1  2  3  4  5  6 |
---------------+-------------------+-----
Unarmed Combat | 4 5 6 |  6.4
Shapeshifting  | 4 5 |  5.0
Fighting       | |  1.1
Dodging        | |  2.1

Action                     |  1- 3 |  4- 6 || total
---------------------------+-------+-------++-------
  Melee: Unarmed           |    49 |    83 ||   132
         Punch             |       |     2 ||     2
 Armour: Animal skin       |     2 |       ||     2
         Scale mail        |    26 |    49 ||    75
  Dodge: Dodged            |    20 |    30 ||    50

Table legend: (Time is in decaauts)
 A = Elapsed time spent in this place.
 B = Non-inter-level travel time spent in this place.
 C = Inter-level travel time spent in this place.
 D = Time resting spent in this place.
 E = Time spent auto-exploring this place.
 F = Levels seen in this place.
 G = Mean time per level.
                   A        B        C        D        E       F      G
               +--------+--------+--------+--------+--------+-----+--------+
         Total |   1031 |    991 |     40 |      0 |    675 |   4 |  257.8 |
       Dungeon |   1031 |    991 |     40 |      0 |    675 |   4 |  257.8 |
               +--------+--------+--------+--------+--------+-----+--------+

Top non-repeatable levels by time:
     D:3: 486 daAuts
     D:2: 312 daAuts
     D:1: 190 daAuts
     D:4: 42 daAuts
